General information
			
			
        
        - name: Skycity
 
        - type: Ladder 1vs1/FFA
 
        - host: piano
 
        - saver: TIMG4STRok
 
        
map: aps\Download\Doodads EI 1.06 
        - players: 7
 
        - length: 19:18
 
        - speed: Fast
 - version: 1.22 W3XP
 - replay type:  

 
» download(88 KB)
Players
        team 1 (winner) 
              
              
» 
TIMG4STRok (
gray | 140 APM | 2710 actions | 19:18)
              
 4 Paladin 
 2 Holy Light
 1 Divine Shield
 1 Devotion Aura
 3 Goblin Alchemist 
 1 Healing Spray
 2 Chemical Rage
 2 Pandaren Brewmaster 
 1 Breath of Fire
 1 Drunken Brawler
 
                » actions 
                
                | Assign group hotkey | 27 |  | 
| Basic commands | 150 |  | 
| Build / train | 76 |  | 
| Enter build submenu | 34 |  | 
| Enter hero's abilities submenu | 10 |  | 
| Give item / drop item | 3 |  | 
| Right click | 1132 |  | 
| Select / deselect | 313 |  | 
| Select group hotkey | 871 |  | 
| Use ability | 94 |  | 
                2710 total
 » units 
                
                | Peasant | 20 |  | 
| Footman | 7 |  | 
| Spell Breaker | 3 |  | 
| Priest | 2 |  | 
| Dragonhawk Rider | 2 |  | 
                34 total
 » upgrades
                
                | Lumber Harvesting | 1 |  | 
| Priest Training | 2 |  | 
| Defend | 1 |  | 
| Control Magic | 1 |  | 
| Cloud | 1 |  | 
| Swords | 2 |  | 
| Masonry | 1 |  | 
| Animal War Training | 1 |  | 
                10 total
 » buildings
                
                | Altar of Kings | 1 |  | 
| Barracks | 1 |  | 
| Farm | 15 |  | 
| Scout Tower | 5 |  | 
| Arcane Tower | 2 |  | 
| Arcane Vault | 1 |  | 
| Keep | 1 |  | 
| Lumber Mill | 1 |  | 
| Town Hall | 1 |  | 
| Guard Tower | 2 |  | 
| Arcane Sanctum | 2 |  | 
| Castle | 1 |  | 
| Blacksmith | 1 |  | 
| Gryphon Aviary | 3 |  | 
                37 total
 » build order
                00:06 Altar of Kings
00:10 Barracks
00:24 Farm
00:53 Farm
01:24 Scout Tower
01:36 Farm
02:19 Arcane Tower
03:03 Arcane Vault
04:21 Keep
04:25 Farm
04:36 Lumber Mill
04:55 Farm
05:31 Town Hall
05:41 Scout Tower
05:41 Scout Tower
05:43 Scout Tower
06:09 Guard Tower
06:10 Guard Tower
06:12 Scout Tower
08:00 Arcane Tower
08:05 Arcane Sanctum
09:52 Arcane Sanctum
10:29 Castle
11:39 Farm
11:40 Farm
13:28 Blacksmith
13:30 Farm
13:31 Farm
13:33 Farm
13:34 Farm
13:34 Farm
14:59 Gryphon Aviary
15:00 Gryphon Aviary
15:02 Gryphon Aviary
17:21 Farm
17:22 Farm
18:04 Farm
» items
                
                | Boots of Speed | 2 |  | 
| Lesser Clarity Potion | 2 |  | 
| Scroll of Regeneration | 2 |  | 
| Scroll of Town Portal | 1 |  | 
| Potion of Mana | 1 |  | 
| Potion of Healing | 1 |  | 
| Gloves of Haste | 1 |  | 
| Ring of Protection +3 | 1 |  | 
| Claws of Attack +6 | 1 |  | 
| Claws of Attack +9 | 1 |  | 
| Pendant of Energy | 1 |  | 
                14 total
  
               team 2 (loser) 
              
              
greedoFthenoob (
pink | 89 APM | 1708 actions | 19:17)
              
 3 Mountain King 
 2 Storm Bolt
 1 Bash
 1 Paladin 
 1 Holy Light
 
                » actions 
                
                | Assign group hotkey | 39 |  | 
| Basic commands | 35 |  | 
| Build / train | 79 |  | 
| ESC pressed | 1 |  | 
| Enter build submenu | 40 |  | 
| Enter hero's abilities submenu | 4 |  | 
| Right click | 938 |  | 
| Select / deselect | 350 |  | 
| Select group hotkey | 137 |  | 
| Use ability | 84 |  | 
                1708 total
 » units 
                » upgrades
                
                | Masonry | 2 |  | 
| Defend | 1 |  | 
| Swords | 1 |  | 
| Plating | 1 |  | 
| Animal War Training | 1 |  | 
                6 total
 » buildings
                
                | Altar of Kings | 1 |  | 
| Barracks | 2 |  | 
| Farm | 13 |  | 
| Arcane Vault | 1 |  | 
| Lumber Mill | 1 |  | 
| Town Hall | 1 |  | 
| Scout Tower | 21 |  | 
| Arcane Tower | 2 |  | 
| Guard Tower | 11 |  | 
| Blacksmith | 1 |  | 
| Keep | 1 |  | 
| Castle | 2 |  | 
| Gryphon Aviary | 2 |  | 
                59 total
 » build order
                00:06 Altar of Kings
00:26 Barracks
00:35 Farm
00:50 Farm
02:07 Farm
02:40 Arcane Vault
03:38 Farm
04:24 Farm
04:55 Lumber Mill
05:43 Town Hall
05:48 Scout Tower
05:49 Scout Tower
05:51 Scout Tower
05:52 Scout Tower
05:54 Scout Tower
05:56 Scout Tower
06:26 Scout Tower
06:29 Scout Tower
06:32 Scout Tower
06:33 Scout Tower
06:46 Barracks
08:01 Arcane Tower
08:01 Arcane Tower
08:03 Guard Tower
08:21 Farm
08:22 Farm
08:23 Farm
08:23 Farm
08:24 Farm
08:24 Farm
09:14 Guard Tower
09:59 Guard Tower
10:33 Guard Tower
10:35 Scout Tower
10:37 Scout Tower
10:44 Scout Tower
10:45 Scout Tower
11:36 Blacksmith
12:37 Keep
13:50 Guard Tower
14:27 Farm
14:28 Farm
14:58 Scout Tower
15:27 Castle
15:27 Castle
16:06 Gryphon Aviary
16:08 Gryphon Aviary
16:43 Guard Tower
17:32 Scout Tower
17:33 Scout Tower
17:34 Scout Tower
17:35 Scout Tower
17:38 Scout Tower
17:41 Scout Tower
18:11 Guard Tower
18:26 Guard Tower
18:26 Guard Tower
18:26 Guard Tower
18:26 Guard Tower
» items
                
                | Boots of Speed | 1 |  | 
| Scroll of Regeneration | 4 |  | 
| Lesser Clarity Potion | 1 |  | 
                6 total
  
               observerspiano, 
plampy, 
BEAR_AND, 
evil_PENGOON, 
phasoms Chat log
          (00:16 / All) TIMG4STRok: gl ds plz
(00:29 / All) greedoFthenoob: same
(01:08 / All) TIMG4STRok: hope you watched me vs blinn
(01:19 / All) greedoFthenoob: i have not yet had the pleasure
(10:37 / All) TIMG4STRok: dang i got a lot of $$$
(18:44 / All) TIMG4STRok: fuck what am i going 2 dew
(18:55 / All) greedoFthenoob: hey
(18:57 / All) greedoFthenoob: i had you beat
(19:02 / All) TIMG4STRok: when was this?
(19:05 / All) greedoFthenoob: just remember that
(19:10 / All) greedoFthenoob: again?
(19:12 / All) greedoFthenoob: you want to go again?
(19:14 / All) greedoFthenoob: you're a noob
(19:15 / All) TIMG4STRok: lmao